 Dungeon Crawl Stone Soup version bcrawl-1.27.6 (webtiles) character file.

Game seed: 2803166031788077395

171219 Banto the Ruffian (level 5, -3/40 HPs)
             Began as a Draconian Transmuter on Oct 14, 2020.
             Slain by a gnoll
             ... wielding a +0 whip
              (8 damage)
             ... on level 3 of the Dungeon.
             The game lasted 00:02:06 (1933 turns).

Banto the Ruffian (Draconian Transmuter)            Turns: 1933, Time: 00:02:06

Health: -3/40      AC:  6    Str: 13    XL:     5   Next: 15%
Magic:  7/8        EV: 12    Int: 13    God:
Gold:   229        SH:  0    Dex: 12    Spells: 5/8 levels left

rFire    . . .     SeeInvis .     - Fists (8.4)
rCold    . . .     Gourm    .   (no shield)
rNeg     . . .     Faith    .   (armour unavailable)
rPois    .         Spirit   .   d - +1 hat
rElec    .         Reflect  .   (no cloak)
rCorr    .         Harm     .   (no gloves)
MR       .....                  (no boots)
Stlth    +.........             (no amulet)
HPRegen  0.13/turn              (no ring)
MPRegen  0.11/turn              (no ring)

@: no status effects
A: unfitting armour, cold-blooded, AC +5
a: no special abilities


You were on level 3 of the Dungeon.
You were hungry.

You visited 1 branch of the dungeon, and saw 3 of its levels.

You collected 229 gold pieces.

Inventory:

Missiles
 a - 100 arrows
Armour
 d - a +1 hat (worn)
Scrolls
 b - a scroll of enchant weapon {unknown}
 f - 2 scrolls of identify
 g - a scroll of teleportation {unknown}
 i - a scroll of immolation {unknown}
 k - a scroll of amnesia {unknown}
 l - a scroll of remove curse {unknown}
Potions
 c - a potion of lignification
 j - a potion of heal wounds {unknown}
Comestibles
 e - 6 rations {!d}
 h - 3 chunks of flesh


   Skills:
 - Level 1.1 Fighting
 - Level 1.7 Dodging
 + Level 4.6 Unarmed Combat
 - Level 2.0 Spellcasting
 + Level 4.0 Transmutations


You had 5 spell levels left.
You knew the following spells:

 Your Spells              Type           Power        Failure   Level  Hunger
a - Beastly Appendage     Tmut           ##....       4%          1    None
b - Sticks to Snakes      Tmut           ##......     8%          2    ##.....

Your spell library contained the following spells:

 Spells                   Type           Power        Failure   Level  Hunger
 Passwall                 Tmut/Erth      #.......     17%         2    ##.....
 Spider Form              Tmut/Pois      #..          32%         3    ####...
 Ice Form                 Ice/Tmut       #.......     73%         4    ######.
 Blade Hands              Tmut           ##........   80%         5    #######


Dungeon Overview and Level Annotations

Branches:
Dungeon (3/12)

Altars:
Fedhas


Innate Abilities, Weirdness & Mutations

Your plain brown scales are hard. (AC +5)
You cannot fit into any form of body armour.
You are cold-blooded and may be slowed by cold attacks.


Message History

Your ball python grabs the gnoll.
Your ball python constricts the gnoll.
The gnoll hits you with a +0 flail!
You are feeling hungry.
You barely miss the gnoll.
The gnoll is lightly wounded.
The gnoll hits you with a +0 whip!
Your ball python bites the gnoll.
Your ball python constricts the gnoll.
The gnoll closely misses you.
You hit the gnoll.
The gnoll is moderately wounded.
The gnoll hits you with a +0 whip!
* * * LOW HITPOINT WARNING * * *
Your ball python bites the gnoll but does no damage.
Your ball python constricts the gnoll.
You hit the gnoll but do no damage.
The gnoll is moderately wounded.
The gnoll hits you with a +0 flail.
* * * LOW HITPOINT WARNING * * *
Your ball python bites the gnoll but does no damage.
Your ball python constricts the gnoll.
The gnoll hits you with a +0 whip!
You die...

#.# #.######+#####
#.............
#.............
.##.............
.................
..................
.......###S..####
##.......g@g..#
#......##....#
#..... .../.#
..... #.....# ..
#...?.# . ......#
##....# +....#


You could see 2 gnolls and a friendly ball python.

Vanquished Creatures
  A howler monkey (D:2)
  An adder (D:2)
  2 oozes
  A worm (D:2)
  3 dart slugs (D:1)
  5 leopard geckos
  6 orcs (D:3)
  4 giant cockroaches
  5 goblins
  7 hobgoblins
  2 jackals (D:1)
  4 kobolds
  2 ball pythons
  4 bats
  6 frilled lizards
  7 rats
60 creatures vanquished.

Vanquished Creatures (collateral kills)
  2 gnolls (D:3)
2 creatures vanquished.

Grand Total: 62 creatures vanquished

Notes
Turn   | Place    | Note
-------+----------+-------------------------------------------
     0 | D:1      | Banto the Draconian Transmuter began the quest for the Orb.
     0 | D:1      | Reached XP level 1. HP: 16/16 MP: 3/3
    28 | D:1      | Reached XP level 2. HP: 22/23 MP: 5/5
   226 | D:1      | Learned a level 2 spell: Sticks to Snakes
   538 | D:1      | Reached XP level 3. HP: 27/28 MP: 6/6
  1073 | D:2      | Reached XP level 4. HP: 10/35 MP: 7/7
  1813 | D:3      | Found a blossoming altar of Fedhas.
  1877 | D:3      | Reached XP level 5. HP: 37/40 MP: 8/8
  1933 | D:3      | Slain by a gnoll

Skill      XL: |  1  2  3  4  5 |
---------------+----------------+-----
Transmutations | 3 4 |  4.0
Unarmed Combat | 4 |  4.6
Fighting       | |  1.1
Dodging        | |  1.7
Spellcasting   | |  2.0

Action                   |  1- 3 |  4- 6 || total
-------------------------+-------+-------++-------
Melee: Unarmed           |   135 |    97 ||   232
       Tailslap          |    20 |     5 ||    25
       Punch             |     3 |       ||     3
       Kick              |       |     2 ||     2
 Cast: Beastly Appendage |     1 |     1 ||     2
       Sticks to Snakes  |       |     2 ||     2
  Use: Scroll            |     1 |       ||     1
 Stab: Sleeping          |     1 |     1 ||     2
  Eat: Chunk             |     3 |     5 ||     8
Armor: Skin              |    38 |    17 ||    55
Dodge: Dodged            |    90 |    49 ||   139
